 Dungeon Crawl Stone Soup version 0.30-a0-596-g0af90f9a20 (webtiles) character file.

Game seed: 16325118024822851171

35 spardeous the Ducker (level 3, -1/21 HPs)
             Began as a Felid Earth Elementalist on Jan 7, 2023.
             Succumbed to a water moccasin's poison
             ... on level 4 of the Dungeon.
             The game lasted 00:01:15 (610 turns).

spardeous the Ducker (Felid Earth Elementalist)      Turns: 610, Time: 00:01:16

Health: -1/21      AC:  1    Str:  4    XL:     3   Next: 16%
Magic:  3/7        EV: 23    Int: 18    God:
Gold:   38         SH:  0    Dex: 16    Spells: 5/6 levels left
                                        Lives:  0   Deaths: 0

rFire   . . .      SeeInvis +    (weapon unavailable)
rCold   . . .      Faith    .    (shield unavailable)
rNeg    + . .      Spirit   .    (body armour unavailable)
rPois   .          Reflect  .    (helmet unavailable)
rElec   .          Harm     .    (cloak unavailable)
rCorr   .          Rampage  .    (gloves unavailable)
Will    .....                    (boots unavailable) Stlth
                                 (no amulet)
HPRegen 0.23/turn                d - +5 ring of evasion
MPRegen 0.10/turn                f - ring of positive energy

@: berserking, lethally poisoned (-1 -> -5), attractive, very quick
A: very small, claws 1, fangs 3, see invisible, speed 1, shaggy fur 1, stealthy
paws, no weapons or thrown items, no armour, multi-lived
a: no special abilities


You were on level 4 of the Dungeon.
You visited 1 branch of the dungeon, and saw 4 of its levels.

You collected 38 gold pieces.

Inventory:

Jewellery
 d - a +5 ring of evasion (left paw)
 f - a ring of positive energy (right paw)
Scrolls
 c - 4 scrolls of teleportation {unknown}
 g - a scroll of identify {unknown}
 h - a scroll of torment {unknown}
 i - a scroll of magic mapping {unknown}
 j - a scroll of enchant armour {unknown}
Potions
 a - a potion of magic


   Skills:
 + Level 3.9 Dodging
 - Level 2.6 Stealth
 - Level 2.0 Spellcasting
 - Level 1.1 Transmutations
 + Level 3.3 Earth Magic


You had 5 spell levels left.
You knew the following spells:

 Your Spells              Type           Power      Damage    Failure   Level
a - Sandblast             Erth           26%        2d8       4%          1

Your spell library contained the following spells:

 Spells                   Type           Power      Damage    Failure   Level
 Passwall                 Tmut/Erth      7%         N/A       11%         2
 Stone Arrow              Conj/Erth      14%        3d7       26%         3
 Petrify                  Tmut/Erth      9%         N/A       58%         4


Dungeon Overview and Level Annotations

Branches:
Dungeon (4/15)
 Temple: D:4-7

Altars:


Innate Abilities, Weirdness & Mutations

You have sharp claws.
You have razor-sharp teeth.
You have supernaturally acute eyesight. (SInv)
You cover ground quickly. (Speed+)
You are covered in fur. (AC +1)
Your paws help you pounce on unaware monsters.
You are incapable of wielding weapons or throwing items.
You cannot wear armour.
You gain extra lives every three experience levels.


Message History

Confirm with . or Enter, or press ? or * to list all spells.
Aiming: Sandblast (safe; 4% risk of failure)
Press: ? - help, Shift-Dir - straight line, f - water moccasin
Aim: a water moccasin (70% to hit)
The blast of sand hits the water moccasin!
The water moccasin is moderately wounded.
The water moccasin barely misses you. The water moccasin bites you.
Casting: Sandblast (safe; 4% risk of failure)
Confirm with . or Enter, or press ? or * to list all spells.
Aiming: Sandblast (safe; 4% risk of failure)
Press: ? - help, Shift-Dir - straight line, f/p - water moccasin
Aim: a water moccasin (moderately wounded, 70% to hit)
The blast of sand hits the water moccasin!
The water moccasin is severely wounded.
The water moccasin bites you.
You are lethally poisoned!
The water moccasin poisons you!
The water moccasin completely misses you.
Casting: Sandblast (safe; 4% risk of failure)
Confirm with . or Enter, or press ? or * to list all spells.
Aiming: Sandblast (safe; 4% risk of failure)
Press: ? - help, Shift-Dir - straight line, f/p - water moccasin
Aim: a water moccasin (heavily wounded, 70% to hit)
The blast of sand misses the water moccasin.
* * * LOW HITPOINT WARNING * * *
You feel very sick. The water moccasin closely misses you.
The water moccasin barely misses you.
The water moccasin attacks as you move away!
The water moccasin misses you.
* * * LOW HITPOINT WARNING * * *
You feel sick.
It was a potion of attraction.
You feel attractive to monsters.
* * * LOW HITPOINT WARNING * * *
You feel sick.
The water moccasin completely misses you.
It was a potion of berserk rage.
A red film seems to cover your vision as you go berserk!
You feel yourself moving faster!
You feel mighty!
You die...

#####.#### #^# #.###
#...# +# ###.# ...
##.# .... ##..# .....
#.#######...####......
#...........@S)......
#.######....####......
#†#.## ..... #.###
.... #.# ... #.# +#
#.# #.# #.#


You could see a water moccasin.

Vanquished Creatures
  2 adders (D:3)
  A worm (D:4)
  An orc (D:4)
  A bat (D:2)
  A giant cockroach (D:3)
  3 goblins
  A hobgoblin (D:1)
  A frilled lizard (D:1)
  2 kobolds
13 creatures vanquished.

Notes
Turn   | Place    | Note
-------+----------+-------------------------------------------
     0 | D:1      | spardeous the Felid Earth Elementalist began the quest for
                  | the Orb.
     0 | D:1      | Reached XP level 1. HP: 7/7 MP: 4/4
   318 | D:3      | Reached XP level 2. HP: 3/11 MP: 0/6
   402 | D:3      | Reached XP level 3. HP: 14/14 MP: 0/7
   602 | D:4      | Noticed a water moccasin
   610 | D:4      | Succumbed to a water moccasin's poison

Illustrated notes

Levels and vault maps discovered:
D:1:      elethiomel_arrival_maze, layout_basic,
          hellmonk_ecumenical_altar_heavens_door
D:2:      layout_loops_ring
D:3:      layout_rooms, kennysheep_generic_room_7
D:4:      wander_river, layout_loops_corners, trog_three_pillars_becter,
          dk_yredelemnul_ordeal, grunt_temple_overflow_diamond,
          mainiacjoe_overflow_alcove_1, serial_shops, shop,
          guppyfry_early_orc_mine

Skill      XL: |  1 |
---------------+----+-----
Dodging        | 3 |  3.9
Earth Magic    | 3 |  3.3
Stealth        | |  2.6
Spellcasting   | |  2.0
Transmutations | |  1.1

Action                   || total
-------------------------++-------
Melee: Unarmed           ||    11
       Bite              ||     1
 Cast: Sandblast         ||    26
  Use: Potion            ||     2
Armor: Skin              ||     1
Dodge: Dodged            ||    21

Table legend: (Time is in decaauts)
 A = Elapsed time spent in this place.
 B = Non-inter-level travel time spent in this place.
 C = Inter-level travel time spent in this place.
 D = Time resting spent in this place.
 E = Time spent auto-exploring this place.
 F = Levels seen in this place.
 G = Mean time per level.
                   A        B        C        D        E       F      G
               +--------+--------+--------+--------+--------+-----+--------+
         Total |    555 |    529 |     26 |      0 |    412 |   4 |  138.8 |
       Dungeon |    555 |    529 |     26 |      0 |    412 |   4 |  138.8 |
               +--------+--------+--------+--------+--------+-----+--------+

Top non-repeatable levels by time:
     D:3: 194 daAuts
     D:1: 143 daAuts
     D:2: 124 daAuts
     D:4: 92 daAuts
